Map: Paladino Terminal LE

Players

BIGFLLA - Winner!

  • Race: Protoss Protoss
  • League: Silver
  • Spawn Location: 5:00

LMG

  • Race: Protoss Protoss
  • League: Silver
  • Spawn Location: 9:00

VOD

Have the link to the VOD?

Description

Time

  • Played on: March 21, 2017, 4:41 a.m.
  • Length: 11:39
Show
View Real Time Build Order
Export as new Build Order

BIGFLLA Protoss - Winner!

Build Orders: Mass Adepts 

Get SALT Encoding   

  12  0:01  Probe (Chrono Boost)  
  13  0:14  Pylon  
  13  0:18  Probe (Chrono Boost)  
  14  0:29  Probe (Chrono Boost)  
  15  0:36  Gateway  
  15  0:39  Probe (Chrono Boost)  
  16  0:46  Assimilator  
  17  0:50  Probe (Chrono Boost)  
  17  1:00  Probe (Chrono Boost)  
  18  1:11  Probe (Chrono Boost)  
  19  1:17  Forge  
  19  1:22  Probe (Chrono Boost)  
  20  1:32  Cybernetics Core  
  20  1:36  Probe (Chrono Boost)  
  20  1:39  Protoss Ground Weapons Level 1  
  21  1:40  Pylon  
  21  1:44  Assimilator  
  22  1:47  Probe (Chrono Boost)  
  22  1:59  Probe (Chrono Boost)  
  23  2:09  Warp Gate  
  23  2:15  Adept  
  25  2:23  Pylon  
  25  2:36  Twilight Council  
  25  2:42  Gateway  
  25  2:47  Adept  
  27  3:13  Gateway  
  27  3:14  Resonating Glaives  
  27  3:18  Gateway  
  27  3:29  Protoss Ground Weapons Level 2  
  27  3:31  Adept  
  27  3:32  Adept  
  31  3:35  Pylon  
  31  3:38  Pylon  
  31  3:40  Pylon  
  29  4:19  Adept x4  
  37  4:43  Adept  
  37  4:44  Adept x3  
  45  5:04  Adept x2  
  45  5:05  Adept x2  
  53  5:28  Adept x3  
  57  5:59  Stalker x3  
  63  6:35  Pylon  
  63  6:36  Pylon  
  63  6:39  Pylon  
  59  7:16  Nexus  
  59  7:18  Assimilator  
  59  7:23  Assimilator  
  59  7:26  Pylon  
  59  7:30  Pylon  
  57  8:18  Stalker x4  
  63  8:31  Pylon  
  63  8:32  Photon Cannon  
  63  8:34  Photon Cannon  
  61  8:36  Photon Cannon  
  61  8:39  Photon Cannon  
  59  9:14  Probe (Chrono Boost)  
  59  9:15  Probe (Chrono Boost)  
  61  9:24  Probe (Chrono Boost)  
  61  9:27  Probe (Chrono Boost)  
  57  10:29  Nexus  
  57  10:38  Nexus  
Show
View Real Time Build Order
Export as new Build Order

LMG Protoss 

Build Orders:  

Get SALT Encoding   

  12  0:03  Probe (Chrono Boost)  
  13  0:21  Pylon  
  13  0:29  Probe (Chrono Boost)  
  14  0:40  Probe (Chrono Boost)  
  15  0:50  Probe (Chrono Boost)  
  15  0:54  Pylon  
  16  1:01  Assimilator, Probe (Chrono Boost)  
  18  1:11  Probe (Chrono Boost)  
  18  1:14  Assimilator  
  18  1:22  Gateway  
  18  1:33  Gateway  
  18  1:42  Probe (Chrono Boost)  
  19  1:53  Probe (Chrono Boost)  
  20  2:03  Probe (Chrono Boost)  
  21  2:09  Forge  
  21  2:14  Probe (Chrono Boost)  
  22  2:21  Zealot  
  24  2:24  Probe (Chrono Boost)  
  24  2:28  Zealot  
  27  2:42  Cybernetics Core  
  27  2:50  Zealot  
  29  2:59  Pylon  
  29  3:08  Nexus  
  29  3:12  Probe (Chrono Boost)  
  30  3:29  Photon Cannon  
  30  3:33  Photon Cannon  
  30  3:36  Sentry  
  32  3:45  Probe (Chrono Boost)  
  33  3:53  Stalker  
  35  3:56  Probe (Chrono Boost)  
  36  4:06  Probe (Chrono Boost)  
  37  4:17  Stargate  
  37  4:21  Photon Cannon  
  31  4:39  Zealot  
  31  4:45  Photon Cannon  
  31  4:51  Probe (Chrono Boost)  
  32  5:02  Probe (Chrono Boost)  
  32  5:05  Void Ray  
  39  5:12  Probe (Chrono Boost)  
  40  5:19  Adept  
  42  5:23  Probe (Chrono Boost)  
  38  5:58  Probe (Chrono Boost)  
  15  6:36  Pylon  
  15  6:42  Mothership Core (Chrono Boost)  
  15  7:26  Probe (Chrono Boost)  
  15  7:36  Probe (Chrono Boost)  
  16  7:47  Probe (Chrono Boost)  
  13  7:57  Probe (Chrono Boost)  
  8  8:08  Probe (Chrono Boost)  
  7  8:47  Nexus  
  7  8:51  Pylon  
  7  8:56  Pylon  
  7  9:18  Pylon  
  7  10:03  Gateway  
  7  10:08  Probe (Chrono Boost)  
  8  10:15  Forge  
  8  10:19  Probe (Chrono Boost)  
  9  10:29  Probe (Chrono Boost)  
  8  10:40  Probe (Chrono Boost)  
  9  10:50  Probe (Chrono Boost)  
  10  11:01  Pylon  
Tags
 
Composition
Mass Adepts
Matchup
PvP
Replay Pack
3.21
Spawn Locations
Cross Positions
Add a new tag
Caveats
  • Supply blocks, unpowered buildings, or Contaminate may cause inaccurate times.
  • Supply counts are checked every 10 seconds.